 Dungeon Sprint DCSS version 0.19-a0-1827-g174f941 (webtiles) character file.

5820 poirepourri the Imperceptible (level 10, -5/48 (49) HPs)
             Began as a Spriggan Enchanter on Oct 7, 2016.
             Was a High Priest of Dithmenos.
             Killed by an exploding ballistomycete spore (19 damage)
             ... in the Dungeon (Sprint I: "Red Sonja").
             The game lasted 00:04:30 (1476 turns).

poirepourri the Imperceptible (Spriggan Enchanter)  Turns: 1476, Time: 00:04:31

HP:   -5/48 (49)    AC:  4    Str:  4    XL:     10   Next: 51%
MP:   26/26         EV: 30    Int: 16    God:    Dithmenos [*****.]
Gold: 338           SH:  0    Dex: 21    Spells: 5 memorised, 19 levels left

rFire  . . .     SeeInvis +     q - +0 dagger (venom)
rCold  + + .     Gourm    .     a - +1 robe {Archmagi}
rNeg   . . .     Faith    .     (shield restricted)
rPois  .         Spirit   .     (helmet restricted)
rElec  .         Dismiss  .     m - +0 cloak
rCorr  .         Reflect  .     (gloves unavailable)
MR     +....     Harm     .     (boots unavailable)
Stlth  +++++..... NoTele   +    (no amulet)
                                s - ring of protection from cold
                                r - ring of protection from cold

@: confused, wreathed by umbra, very quick
A: unfitting armour, see invisible, herbivore 3, speed 3, slow metabolism 2
a: Shadow Step, Shadow Form, Renounce Religion


You were in the Dungeon.
You worshipped Dithmenos.
Dithmenos was extremely pleased with you.
You were not hungry.

You visited 1 branch You collected 1052 gold pieces.
You spent 714 gold pieces at shops.

Inventory:

Hand Weapons
 k - a -1 blowgun
 q - a +0 dagger of venom (weapon)
 t - a +1 short sword of speed
Missiles
 l - 5 curare-tipped needles
Armour
 a - a +1 robe of the Archmagi (worn)
 m - a +0 cloak (worn)
 p - a +1 robe of magic resistance
Jewellery
 r - a ring of protection from cold (left hand)
 s - a ring of protection from cold (right hand)
Scrolls
 j - a scroll of blinking
Potions
 e - 2 potions of curing
 f - a potion of heal wounds
 g - a potion of haste
 h - 2 potions of magic
 i - a potion of lignification
 n - a potion of might {unknown}
Books
 c - a book of Maledictions

   Spells                             Type                      Level
   a - Corona                         Hexes                        1
   b - Ensorcelled Hibernation        Hexes/Ice                    2
   c - Confuse                        Hexes                        3
   d - Tukima's Dance                 Hexes                        3
   e - Dazzling Spray                 Conjuration/Hexes            3
Comestibles
 d - a bread ration
 o - a royal jelly


   Skills:
 + Level 3.7 Fighting
 + Level 6.8 Short Blades
 + Level 11.8 Dodging
 + Level 22.0 Stealth
 + Level 11.2 Spellcasting
 + Level 2.1 Conjurations
 + Level 15.4 Hexes
 - Level 1.0 Ice Magic


You had 19 spell levels left.
You knew the following spells:

 Your Spells              Type           Power        Failure   Level  Hunger
a - Corona                Hex            ######.      0%          1    None
b - Ensorcelled Hibernat  Hex/Ice        ######       1%          2    None
c - Confuse               Hex            ######..     1%          3    None
d - Tukima's Dance        Hex            ######..     1%          3    None
e - Dazzling Spray        Conj/Hex       ######       1%          3    None


Dungeon Overview and Level Annotations

Branches:
Dungeon (1/1)

Altars:
Cheibriados
Dithmenos
Elyvilon
Fedhas
Gozag
Hepliaklqana
Kikubaaqudgha
Makhleb
Nemelex Xobeh
Okawaru
Qazlal
Ru
Sif Muna
Trog
Uskayaw
Vehumet
Xom
Yredelemnul
Zin
The Shining One
Jiyva
Lugonu

Shops:
D (}[*}%(:*?}=::([=


Innate Abilities, Weirdness & Mutations

You are very small and have problems with some larger weapons.
You are too small for most types of armour.
You have supernaturally acute eyesight. (SInv)
You are a herbivore.
You cover ground extremely quickly.
You need consume almost no food.


Message History

You enter the shallow water.
Moving in this stuff is going to be slow.
You open the door.
There is an open door here.
You see here a runed hunting sling.
There is a deep blue altar of Sif Muna here.
There is an open door here.
You open the door. 2 ballistomycete spores come into view.
The ballistomycete spore waves its rhizomes.
The ballistomycete spore explodes!
The explosion of spores engulfs the ballistomycete spore.
The ballistomycete spore explodes!
The explosion of spores engulfs you!
You are confused.
Ouch! That really hurt!
* * * LOW HITPOINT WARNING * * *
You emit a cloud of dark smoke.
The explosion of spores engulfs you!
You are more confused.
You die...

#..#__####.)##)#≈≈≈§§#§.#
#..#_____##'#..'≈≈§.§'§.#
#⌠⌠#_.∩...'..._#§≈§§§#§§#
####_..__##_.#'##§#####§###
#_____###'#[#[..)###.'.#
############.####'###.###.#
#∩^.......'...'.....')∩##.#
###++++####§§§###########.#
##@###.†.....##.# #§#
#........§†# !$!
#'''######§#
$?%"$#....[§§.#§#
#######....§..#§§#
#..%(.†.)...≈####
#[(........≈≈#
##.......≈≈≈## ###..≈≈≈≈###


There were no monsters in sight!

Vanquished Creatures
  2 centaur warriors (D)
  Sonja (D)
  2 unseen horrors (D)
  A deep troll (D)
  An oklob plant (D)
  A hornet (D)
  A slime creature (D)
  2 redbacks (D)
  A yak (D)
  Sigmund (D)
  A floating eye (D)
  7 necrophages (D)
  An ogre (D)
  8 jellies (D)
  Ijyb (D)
31 creatures vanquished.

Vanquished Creatures (others)
  A ballistomycete spore (D)
1 creature vanquished.

Grand Total: 32 creatures vanquished

Notes
Turn   | Place    | Note
-------+----------+-------------------------------------------
     0 | D        | poirepourri the Spriggan Enchanter began the quest for the Orb.
     0 | D        | Reached XP level 1. HP: 9/9 MP: 5/5
     2 | D        | Noticed Ijyb
    28 | D        | Killed Ijyb
    28 | D        | Reached skill level 6 in Stealth
    28 | D        | Reached skill level 5 in Hexes
    28 | D        | Reached XP level 2. HP: 5/13 MP: 5/7
   130 | D        | Learned a level 2 spell: Ensorcelled Hibernation
   271 | D        | Noticed an ogre
   274 | D        | Killed an ogre
   274 | D        | Reached skill level 5 in Dodging
   274 | D        | Reached skill level 8 in Stealth
   274 | D        | Reached skill level 5 in Spellcasting
   274 | D        | Reached XP level 3. HP: 16/16 MP: 7/10
   274 | D        | Reached XP level 4. HP: 21/21 MP: 8/12
   311 | D        | Learned a level 3 spell: Confuse
   315 | D        | Learned a level 3 spell: Tukima's Dance
   319 | D        | Learned a level 3 spell: Dazzling Spray
   322 | D        | Noticed Sigmund
   325 | D        | Killed Sigmund
   325 | D        | Reached skill level 11 in Stealth
   325 | D        | Reached XP level 5. HP: 25/25 MP: 12/14
   340 | D        | Found a burning altar of Makhleb.
   340 | D        | Found a viscous altar of Jiyva.
   340 | D        | Found a shimmering altar of Xom.
   340 | D        | Found a corrupted altar of Lugonu.
   340 | D        | Noticed a slime creature
   361 | D        | Killed a slime creature
   361 | D        | Reached skill level 1 in Fighting
   361 | D        | Reached skill level 12 in Stealth
   361 | D        | Reached skill level 10 in Hexes
   361 | D        | Reached XP level 6. HP: 8/30 MP: 5/17
   600 | D        | Found a deep blue altar of Sif Muna.
   602 | D        | Found a radiant altar of Vehumet.
   643 | D        | Found Ygax's Gadget Emporium.
   643 | D        | Found an ancient bone altar of Kikubaaqudgha.
   643 | D        | Found a hazy altar of Hepliaklqana.
   643 | D        | Found a stormy altar of Qazlal.
   643 | D        | Found a hide-covered altar of Uskayaw.
   643 | D        | Found a blossoming altar of Fedhas.
   643 | D        | Found a bloodstained altar of Trog.
   643 | D        | Found an iron altar of Okawaru.
   643 | D        | Found a basalt altar of Yredelemnul.
   643 | D        | Found a glowing golden altar of the Shining One.
   643 | D        | Found a snail-covered altar of Cheibriados.
   643 | D        | Found a sacrificial altar of Ru.
   643 | D        | Found a glowing silver altar of Zin.
   643 | D        | Found a shadowy altar of Dithmenos.
   643 | D        | Found a white marble altar of Elyvilon.
   643 | D        | Noticed a yak
   644 | D        | Found an opulent altar of Gozag.
   645 | D        | Killed a yak
   645 | D        | Reached skill level 13 in Stealth
   645 | D        | Reached skill level 1 in Ice Magic
   645 | D        | Reached XP level 7. HP: 33/33 MP: 19/19
   646 | D        | Found a sparkling altar of Nemelex Xobeh.
   652 | D        | Became a worshipper of Dithmenos the Shadowed
   691 | D        | Noticed Sonja
   701 | D        | Killed Sonja
   701 | D        | Reached skill level 15 in Stealth
   701 | D        | Reached XP level 8. HP: 25/39 MP: 17/21
   729 | D        | Found Keotud's Antique Weapon Boutique.
   826 | D        | Noticed a deep troll
   830 | D        | Killed a deep troll
   830 | D        | Reached skill level 10 in Dodging
   830 | D        | Reached skill level 16 in Stealth
   840 | D        | Found Zuasein's Armour Emporium.
   849 | D        | Bought a +0 cloak for 63 gold pieces
   969 | D        | Noticed a centaur warrior
   969 | D        | Noticed a centaur warrior
   972 | D        | Killed a centaur warrior
   972 | D        | Reached * piety under Dithmenos
   972 | D        | Reached skill level 5 in Short Blades
   972 | D        | Reached skill level 18 in Stealth
   972 | D        | Reached skill level 1 in Conjurations
   972 | D        | Reached XP level 9. HP: 43/43 MP: 23/23
   974 | D        | Killed a centaur warrior
   974 | D        | Reached skill level 10 in Spellcasting
   986 | D        | Reached skill level 19 in Stealth
   999 | D        | Noticed an oklob plant
  1001 | D        | Killed an oklob plant
  1001 | D        | Reached ** piety under Dithmenos
  1035 | D        | Noticed an unseen horror
  1035 | D        | Noticed an unseen horror
  1041 | D        | Killed an unseen horror
  1041 | D        | Reached skill level 20 in Stealth
  1041 | D        | Reached skill level 15 in Hexes
  1041 | D        | Reached XP level 10. HP: 49/49 MP: 25/25
  1043 | D        | Killed an unseen horror
  1043 | D        | Reached *** piety under Dithmenos
  1043 | D        | Reached skill level 21 in Stealth
  1067 | D        | Reached **** piety under Dithmenos
  1225 | D        | Reached ***** piety under Dithmenos
  1319 | D        | Found Lacua's General Store.
  1321 | D        | Reached skill level 22 in Stealth
  1322 | D        | Found Zahiwo Peyts's Antique Armour Shop.
  1322 | D        | Found Ynyosaiw's Gadget Boutique.
  1367 | D        | Found Barch's Food Emporium.
  1367 | D        | Found Domil's Antique Weapon Shop.
  1367 | D        | Found Gipsa's Book Shoppe.
  1367 | D        | Found Xaitt's General Store.
  1367 | D        | Found Homunueg's Magic Scroll Emporium.
  1367 | D        | Found Wuwip's Gadget Shop.
  1367 | D        | Found Amaori's Jewellery Shoppe.
  1369 | D        | Bought a runed robe for 12 gold pieces
  1370 | D        | Bought a scroll of identify for 20 gold pieces
  1371 | D        | Found Ybbukluz's Book Boutique.
  1372 | D        | Found Fonoh's Antique Weapon Emporium.
  1372 | D        | Found Herewil's Book Boutique.
  1373 | D        | Found Usmiudau's Jewellery Emporium.
  1382 | D        | Bought an uncursed ring of protection from cold for 250 gold pieces
  1382 | D        | Bought an uncursed ring of protection from cold for 250 gold pieces
  1389 | D        | Bought a scroll of identify for 22 gold pieces
  1389 | D        | Bought a scroll of identify for 22 gold pieces
  1404 | D        | Bought a glowing short sword for 75 gold pieces
  1476 | D        | Killed by an exploding ballistomycete spore

Vault maps used:
D:        dungeon_sprint_1

Skill      XL: |  1  2  3  4  5  6  7  8  9 10 |
---------------+-------------------------------+-----
Dodging        | 4 5 6 7 8 9 10 11 | 11.8
Stealth        | 6 8 11 12 13 15 18 20 22 | 22.0
Spellcasting   | 3 5 6 7 8 9 10 11 | 11.2
Hexes          | 5 7 9 10 11 12 14 15 | 15.4
Short Blades   | 2 3 4 5 6 |  6.8
Fighting       | 1 2 3 |  3.7
Ice Magic      | 1 |  1.0
Conjurations   | 1 2 |  2.1

Action                   |  1- 3 |  4- 6 |  7- 9 | 10-12 || total
-------------------------+-------+-------+-------+-------++-------
Melee: Dagger            |    22 |    11 |    11 |     9 ||    53
 Cast: Corona            |     1 |       |       |       ||     1
       Ensorcelled Hiber |       |     2 |     1 |     4 ||     7
       Dazzling Spray    |       |     2 |       |    15 ||    17
  Use: Potion            |     1 |       |       |       ||     1
       Scroll            |       |       |       |     3 ||     3
 Stab: Sleeping          |     1 |     4 |     9 |     9 ||    23
       Invisible         |       |     1 |       |       ||     1
Armor: Robe              |       |       |     1 |       ||     1
Dodge: Dodged            |    13 |     5 |     1 |     7 ||    26
